 Dungeon Crawl Stone Soup version 0.19-a0-1779-g7aee5af (webtiles) character file.

959 JeffiDaFish the Vexing (level 7, -1/55 HPs)
             Began as a Vampire Enchanter on Oct 3, 2016.
             Was an Initiate of Kikubaaqudgha.
             Slain by an ogre
             ... wielding a +0 giant club
              (28 damage)
             ... on level 4 of the Dungeon.
             The game lasted 00:40:09 (5842 turns).

JeffiDaFish the Vexing (Vampire Enchanter)          Turns: 5842, Time: 00:40:09

Health: -1/55      AC:  6    Str:  9    XL:     7   Next: 91%
Magic:  3/13       EV: 14    Int: 17    God:    Kikubaaqudgha [......]
Gold:   140        SH:  0    Dex: 15    Spells: 5 memorised, 7 levels left

rFire  + . .     SeeInvis +     a - +2 dagger
rCold  . . .     Gourm    .     h - +1 robe {MR+}
rNeg   + . .     Faith    .     (no shield)
rPois  .         Spirit   .     l - +2 helmet
rElec  .         Dismiss  +     (no cloak)
rCorr  .         Reflect  .     (no gloves)
MR     +....     Harm     .     (no boots)
Stlth  ++++......               g - amulet of dismissal
                                (no ring)
                                o - ring of protection from fire

@: no status effects
A: fangs 3, see invisible, robust 1, unbreathing
a: Bat Form, Renounce Religion


You were on level 4 of the Dungeon.
You worshipped Kikubaaqudgha.
Kikubaaqudgha was noncommittal.
You were not thirsty.

You visited 2 branches of the dungeon, and saw 6 of its levels.

You collected 140 gold pieces.

Inventory:

Hand Weapons
 a - a +2 dagger (weapon)
Armour
 b - a +1 robe
 h - a +1 robe of magic resistance (worn)
 l - a +2 helmet (worn)
Jewellery
 g - an amulet of dismissal (around neck)
 o - a ring of protection from fire (left hand)
Wands
 i - a wand of disintegration (11/24)
 n - a wand of iceblast (4/15)
Scrolls
 j - a scroll of amnesia
Potions
 d - 3 potions of blood
 e - a potion of cancellation
 k - 2 potions of berserk rage
Books
 c - a book of Maledictions

   Spells                             Type                      Level
   a - Corona                         Hexes                        1
   b - Ensorcelled Hibernation        Hexes/Ice                    2
   c - Confuse                        Hexes                        3
   d - Tukima's Dance                 Hexes                        3
   e - Dazzling Spray                 Conjuration/Hexes            3
 f - a book of Cantrips

   Spells                             Type                      Level
   a - Confusing Touch                Hexes                        1
   b - Animate Skeleton               Necromancy                   1
   c - Summon Small Mammal            Summoning                    1
   d - Apportation                    Translocation                1
 m - a book of Frost

   Spells                             Type                      Level
   a - Freeze                         Ice                          1
   b - Throw Frost                    Conjuration/Ice              2
   c - Ozocubu's Armour               Charms/Ice                   3
   d - Throw Icicle                   Conjuration/Ice              4
   e - Summon Ice Beast               Ice/Summoning                4


   Skills:
 + Level 2.2 Fighting
 + Level 3.5 Short Blades
 + Level 4.3 Dodging
 + Level 6.4 Stealth
 * Level 4.6 Spellcasting
 + Level 6.7 Hexes
 + Level 2.8 Necromancy


You had 7 spell levels left.
You knew the following spells:

 Your Spells              Type           Power        Failure   Level  Hunger
a - Corona                Hex            ####...      1%          1    None
b - Ensorcelled Hibernat  Hex/Ice        ###...       6%          2    ##.....
c - Confuse               Hex            ####....     3%          3    ###....
d - Confusing Touch       Hex            ####..       1%          1    None
e - Animate Skeleton      Necr           N/A          6%          1    None


Dungeon Overview and Level Annotations

Branches:
Dungeon (5/15)             Temple (1/1) D:4

Altars:
Ashenzari
Cheibriados
Dithmenos
Elyvilon
Fedhas
Gozag
Hepliaklqana
Kikubaaqudgha
Makhleb
Nemelex Xobeh
Okawaru
Qazlal
Ru
Trog
Uskayaw
Vehumet
Yredelemnul
Zin


Innate Abilities, Weirdness & Mutations

You have razor-sharp teeth.
You have supernaturally acute eyesight. (SInv)
You can survive without breathing.
You are robust. (+10% HP)


Message History

Confirm with . or Enter, or press ? or * to list all spells.
Aiming: Confuse
Press: ? - help, Shift-Dir - straight line, f - ogre
Aim: an ogre, wielding a giant club (chance to defeat MR: 55%)
The ogre appears confused.
There is a stone staircase leading down here.
The ogre hits you with a giant club!
You hit the ogre.
The ogre is lightly wounded.
You hit the ogre.
The ogre is moderately wounded.
The ogre shouts, "What's happening?!"
You hit the ogre.
The ogre is moderately wounded.
You hit the ogre.
The ogre is heavily wounded.
The ogre hits you with a giant club!!
Ouch! That really hurt!
You die...
Kikubaaqudgha rasps: "You have failed me!
Welcome... oblivion!"

.....#.#.#.## ############ #.###
.รท##..#####Z###..........#
#.### .<##.## ##.##.##.##.##.#
#Z##. ..###.## ##.###.##.##.##.#
#.##. ..####.###.##
#.##..#.##.####.##. ...<....#.##
#.###.#.##.Z.Z..... #######...#
#.###.#.########### #### #...#
#O......# #######
...####...######@.....# #.....#
.................##.#.####.....#
................>..............#
......................(###.....#
##.##.#...#.####.#.....# #.....#
##.##.#...#.# #.......# #######
...##.#...#.# #.###.#.#
#####.......# #.......#
#.#...#.# #####.######## ##


You could see an ogre (confused).

Vanquished Creatures
  The ghost of dirge the Covert, a novice SpAs (D:4)
  Sigmund (D:3)
  An ogre (D:4)
  A scorpion (D:4)
  2 centaur zombies (D:5)
  Jessica (D:3)
  2 worker ants
  A hound skeleton (D:4)
  Robin (D:3)
  11 adders
  3 gnolls (D:4)
  2 oozes
  3 worms
  A dart slug (D:1)
  A leopard gecko (D:4)
  10 orcs
  2 ball pythons
  3 giant cockroaches
  15 goblins
  7 hobgoblins
  11 jackals
  8 kobolds
  3 quokkas
  A ball python skeleton (D:4)
  A ball python zombie (D:5)
  5 bats
  3 frilled lizards
  A leopard gecko zombie (D:5)
  A quokka skeleton (D:4)
  5 rats
108 creatures vanquished.

Vanquished Creatures (collateral kills)
  An orc (D:3)
  5 goblins (D:3)
  2 kobolds (D:3)
8 creatures vanquished.

Grand Total: 116 creatures vanquished

Notes
Turn   | Place    | Note
-------+----------+-------------------------------------------
     0 | D:1      | JeffiDaFish the Vampire Enchanter began the quest for the Orb.
     0 | D:1      | Reached XP level 1. HP: 13/13 MP: 3/3
   285 | D:1      | Reached XP level 2. HP: 18/19 MP: 5/5
   499 | D:1      | Learned a level 2 spell: Ensorcelled Hibernation
  1130 | D:1      | Reached XP level 3. HP: 19/24 MP: 6/6
  1215 | D:1      | Reached skill level 5 in Hexes
  1606 | D:2      | Learned a level 3 spell: Confuse
  1634 | D:2      | Reached skill level 5 in Stealth
  1847 | D:2      | Reached XP level 4. HP: 31/31 MP: 7/7
  2225 | D:2      | Gained mutation: You are robust. (+10% HP) [potion of mutation]
  2399 | D:2      | Learned a level 1 spell: Confusing Touch
  2401 | D:2      | Learned a level 1 spell: Animate Skeleton
  2626 | D:3      | Noticed Sigmund
  2666 | D:3      | Killed Sigmund
  2666 | D:3      | Reached skill level 1 in Fighting
  2666 | D:3      | Reached skill level 1 in Necromancy
  2666 | D:3      | Reached XP level 5. HP: 34/40 MP: 0/10
  2850 | D:3      | Reached XP level 6. HP: 47/47 MP: 11/11
  3305 | D:3      | Noticed Jessica
  3310 | D:3      | Killed Jessica
  3397 | D:3      | Noticed Robin
  3426 | D:3      | Killed Robin
  4043 | D:4      | Reached XP level 7. HP: 53/53 MP: 12/12
  4099 | D:4      | Noticed dirge's ghost (novice SpAs)
  4116 | D:4      | Killed dirge's ghost
  4252 | D:4      | Found a staircase to the Ecumenical Temple.
  4259 | Temple   | Entered the Ecumenical Temple
  4688 | Temple   | Became a worshipper of Kikubaaqudgha
  5286 | D:5      | Entered Level 5 of the Dungeon
  5842 | D:4      | Slain by an ogre

Vault maps used:
D:1:      evilmike_arrival_home_sweet_home
D:3:      corexii_shack_village, first_bread, kennysheep_generic_room_5,
          uniq_jessica, uniq_sigmund, uniq_robin
D:4:      kennysheep_dice
D:5:      nicolae_ossuary_entry_monument, serial_undead, serial_undead_d,
          serial_undead_e, serial_undead_a, serial_undead_a, serial_undead_d,
          serial_undead_b, serial_undead_b, nemelex_spade_bored_becter,
          uniq_grinder
Temple:   dpeg_five_rooms_temple

Skill      XL: |  1  2  3  4  5  6  7 |
---------------+----------------------+-----
Hexes          | 5 6 |  6.7
Stealth        | 5 6 |  6.4
Fighting       | 1 2 |  2.2
Short Blades   | 2 3 |  3.5
Dodging        | 3 4 |  4.3
Spellcasting   | 3 4 |  4.6
Necromancy     | 1 2 |  2.8

Action                   |  1- 3 |  4- 6 |  7- 9 || total
-------------------------+-------+-------+-------++-------
Melee: Dagger            |   136 |   120 |    96 ||   352
       Bite              |    12 |     9 |    13 ||    34
 Cast: Ensorcelled Hiber |     6 |    23 |    13 ||    42
       Confuse           |     3 |    15 |    15 ||    33
       Animate Skeleton  |       |    23 |     5 ||    28
       Corona            |       |     1 |       ||     1
  Use: Scroll            |     6 |     1 |     3 ||    10
       Potion            |     3 |    16 |     7 ||    26
 Stab: Sleeping          |     9 |    23 |     6 ||    38
       Distracted        |     1 |       |       ||     1
       Confused          |       |     4 |     5 ||     9
Armor: Robe              |    38 |    14 |    21 ||    73
Dodge: Dodged            |   122 |    57 |    88 ||   267
